AoeStats
← let me cook

MegaRandom

509227379Analyzed
3v3 RM · 5d ago on Sep 26, 2026· 22m 50s· 6 players
Game mode
Random Map
Map size
Normal (6 player)
Population
200
Speed
Normal
Resources
Standard
Victory
Conquest
Starting age
Dark Age
Ending age
Imperial Age
RankedLock teamsTeams togetherTeam positionsShared explorationLock speedFull tech treeHidden civsTurbo modeCheats
Victory
Defeat
🇧🇷 Saxons · Brazil
1326
+15
🇬🇧 Malay · United Kingdom
1295
+16
🇨🇴 Koreans · Colombia
1281
+17
🇺🇸 Franks · United States
1332
-16
🇺🇸 Saracens · United States
1290
-16
🇺🇸 Japanese · United States
1289
-16
johnmaestre1
1:23 Loom
1:32 Loom
9:20 Feudal Age
12:31 Fletching
25:02 Castle Age
God Of The Sea People
0:56 Loom
13:29 Feudal Age
13:08 Double-Bit Axe
13:04 Horse Collar
16:32 Wheelbarrow
16:28 Fletching
16:38 Padded Archer Armor
16:35 Gold Mining
TmZ_Mosquito Sedutor
1:41 Loom
10:13 Feudal Age
13:06 Wheelbarrow
14:34 Castle Age
13:10 Wheelbarrow
12:25 Double-Bit Axe
13:03 Stone Mining
13:14 Gold Mining
15:46 Bow Saw
15:23 Horse Collar
16:50 Squires
16:35 Arson
16:52 Scale Mail Armor
17:02 Forging
18:00 Gambesons
22:11 Chain Mail Armor
22:32 Iron Casting
let me cook
4:35 Loom
11:56 Feudal Age
13:44 Fletching
15:00 Wheelbarrow
14:28 Padded Archer Armor
22:25 Castle Age
Celestius
6:07 Loom
10:53 Feudal Age
12:02 Double-Bit Axe
16:56 Castle Age
21:01 Scale Barding Armor
abyssquack
1:40 Loom
9:46 Feudal Age
13:44 Castle Age
12:12 Double-Bit Axe
12:09 Horse Collar
14:18 Fletching
22:25 Bodkin Arrow
Connection lost

Rejoining the realm…

Still unreachable

The connection could not be restored.

Session expired

The server has moved on; the page needs a fresh start.